[Event "GCT Superbet Blitz Poland 2025"]
[Site "Warsaw"]
[Date "2025.04.29"]
[Round "3"]
[White "Aronian, Levon"]
[Black "Gavrilescu, David"]
[Result "1-0"]
[ECO "D45"]
[WhiteElo "2747"]
[BlackElo "2554"]
[Annotator "RC"]
[PlyCount "155"]
[EventDate "2025.??.??"]
[EventType "blitz"]
[TimeControl "300+2"]

1. c4 e6 2. Nc3 d5 3. d4 c6 4. e3 Nf6 5. Nf3 Nbd7 6. h3 Be7 ({RR} 6... Bd6 7. Bd3 O-O 8. O-O dxc4 9. Bxc4 b5 10. Bd3 Bb7 11. e4 e5 12. Be3 Re8 13. dxe5 Nxe5 14. Nxe5 Bxe5 15. Qc2 Bd4 16. Rae1 a6 17. Bxd4 Qxd4 18. Ne2 Qb6 19. Ng3 Nd7 20. e5 h6 21. e6 {Nihal,S (2668)-Erigaisi,A (2778) Almaty KAZ 2024 ½-½ (46)}) ({RR} 6... b6 7. cxd5 exd5 8. Bd3 Bb7 9. O-O Be7 10. Ne5 O-O 11. f4 c5 12. Qf3 Rc8 13. Bd2 a6 14. g4 cxd4 15. exd4 Ne4 16. Nxe4 dxe4 17. Bxe4 Nxe5 18. dxe5 Bxe4 19. Qxe4 Qxd2 {0-1 (19) Paravyan,D (2621)-Rasulov,V (2500) chess.com INT 2025}) 7. Bd3 $146 ({RR} 7. Bd2 O-O 8. a3 Ne4 9. cxd5 exd5 10. Bd3 Nxd2 11. Qxd2 Nf6 12. Qc2 Re8 13. Ne5 Bd6 14. f4 g6 15. O-O-O Nd7 16. g4 Nf8 17. h4 f6 18. Nxg6 hxg6 19. h5 Rxe3 20. Bxg6 Bxf4 21. Kb1 Bh6 {Schuster,H (1706)-Trost,B (1415) Bayern 2012 ½-½ (56)}) ({RR} 7. cxd5 exd5 8. Bd3 O-O 9. g4 Bb4 10. Bd2 Bxc3 11. Bxc3 Ne4 12. Qc2 Re8 13. O-O-O b5 14. Be1 Qb6 15. Bxe4 dxe4 16. Nd2 c5 17. d5 Nf6 18. Nb3 Bb7 19. d6 b4 20. d7 Re5 21. d8=Q+ Rxd8 {Gislason,G (2348)-Fridgeirsson,D (1775) Reykjavik 2009 1-0 (45)}) 7... b6 8. O-O Bb7 9. b3 O-O 10. Bb2 Rc8 11. Qe2 Re8 12. Rfd1 dxc4 13. bxc4 c5 14. d5 exd5 15. cxd5 Bd6 16. Nb5 Bb8 17. d6 a6 18. Nc7 Bxc7 19. dxc7 Qxc7 20. Bxa6 Bxa6 21. Qxa6 Qc6 22. Qd3 c4 23. Qf5 h6 24. Rac1 Qe6 25. Nd4 Qxf5 26. Nxf5 Rc5 27. Nd6 Ra8 28. Nxc4 Rxa2 29. Bd4 Rf5 30. f3 b5 31. Rd2 Rxd2 32. Nxd2 Rd5 33. Nb3 Rd6 34. Rc8+ Kh7 35. Rc7 Ra6 36. Bxf6 Nxf6 37. Nd4 Rb6 38. Rxf7 b4 39. Nb3 Nd5 40. e4 Nc3 41. Rc7 Kg6 42. Kf2 h5 43. h4 Ra6 44. Nd4 Ra2+ 45. Kg3 Rb2 46. Rb7 Kf6 47. Rb6+ Kf7 48. Kf4 Rxg2 49. Rxb4 Ne2+ 50. Nxe2 Rxe2 51. Rb7+ Kg6 52. Rb6+ Kf7 53. Kg5 Re3 54. Rb7+ Kf8 55. Kf4 Re1 56. Kf5 Rg1 57. e5 Kg8 58. f4 Kf8 59. Rb8+ Ke7 60. Rb7+ Kf8 61. Rb6 Kf7 62. Ra6 g6+ 63. Ke4 Re1+ 64. Kd5 Rd1+ 65. Kc6 Rc1+ 66. Kd7 Re1 67. Rf6+ Kg7 68. Rd6 Kf7 69. Rc6 Re4 70. Rf6+ Kg7 71. Ke7 Ra4 72. Rf7+ Kg8 73. e6 Ra5 74. Kf6 Ra6 75. Rg7+ Kh8 76. Rxg6 Kh7 77. Rg5 Kh6 78. Re5 1-0

[Event "GCT Superbet Blitz Poland 2025"]
[Site "Warsaw"]
[Date "2025.04.29"]
[Round "3"]
[White "Fedoseev, Vladimir"]
[Black "Duda, Jan-Krzysztof"]
[Result "1-0"]
[ECO "E06"]
[WhiteElo "2739"]
[BlackElo "2739"]
[Annotator "RC"]
[PlyCount "99"]
[EventDate "2025.??.??"]
[EventType "blitz"]
[TimeControl "300+2"]

1. d4 Nf6 2. c4 e6 3. Nf3 d5 4. g3 Be7 5. Bg2 O-O 6. Nc3 c6 7. O-O a5 8. Bf4 dxc4 9. Ne5 Nd5 10. Nxc4 Nxf4 ({RR} 10... Nd7 11. Rc1 Nxf4 12. gxf4 Nf6 13. e3 Bd7 14. Kh1 Be8 15. a3 Kh8 16. Rg1 Nd5 17. Ne4 Rc8 18. Qd2 b6 19. Ng3 f5 20. Ne5 Bd6 21. Rc2 Bxe5 22. fxe5 f4 23. exf4 Nxf4 24. Be4 c5 25. dxc5 {Jones,G (2639)-Mamedyarov,S (2738) London ENG 2024 ½-½ (55)}) 11. gxf4 Nd7 12. Kh1 $146 ({RR} 12. e3 Nb6 13. Ne5 f6 14. Nd3 Nd5 15. Rc1 Kh8 16. Kh1 Bd6 17. Rg1 Qe7 18. Ne4 Bc7 19. Qh5 Nb4 20. Bf1 e5 21. dxe5 fxe5 22. Nxe5 Bxe5 23. Qxe5 Qxe5 24. fxe5 Be6 25. f4 Bxa2 26. Bc4 Bxc4 {Maurizzi,M (2597)-Moussard,J (2630) Djerba TUN 2024 1-0 (41)}) ({RR} 12. e3 Nf6 13. Rc1 Nd5 14. Kh1 Kh8 15. Rg1 g6 16. Ne5 Qe8 17. Be4 Rg8 18. Qf3 Rg7 19. Rg2 a4 20. Ne2 Ra5 21. Rcg1 Rb5 22. Nc3 Rxb2 23. Nxd5 exd5 24. Bd3 f5 25. Qh5 gxh5 26. Rg3 {0-1 (26) Veleski,R (2093)-Palczert,M (2434) Eforie Nord ROU 2025}) ({RR} 12. Rc1 a4 13. e3 Ra7 14. a3 Nb6 15. Nxb6 Qxb6 16. Qc2 Qa5 17. Kh1 Bd7 18. Ne4 g6 19. Nc5 Rd8 20. Rfd1 Be8 21. Bf3 Kf8 22. Kg2 b6 23. Nd3 Rc7 24. Qe2 c5 25. dxc5 bxc5 26. Ne5 Rxd1 {Makarian,R (2546)-Oleksiyenko,M (2592) chess.com INT 2023 1-0 (56)}) ({RR} 12. e3 Nf6 13. Rc1 Bd7 14. Kh1 Be8 15. Rg1 Kh8 16. Qf3 Rg8 17. Qh3 Rc8 18. f5 exf5 19. Qxf5 Ra8 20. Rgd1 g6 21. Qe5 Rg7 22. d5 Nd7 23. Qf4 Bg5 24. Qf3 c5 25. Ne4 Bh4 26. Ned6 Rb8 {Jones,G (2646)-Brunello,S (2511) Budapest HUN 2024 1-0 (58)}) 12... Nf6 13. Bf3 Qc7 14. Ne5 Rd8 15. Rc1 Qb6 16. e3 Bd7 17. Na4 Qa7 18. Qb3 Be8 19. a3 Nd5 20. Rg1 Rac8 21. f5 exf5 22. Bxd5 cxd5 23. Rxc8 Rxc8 24. Nb6 Rd8 25. Nxd5 b5 26. f3 Kh8 27. Nf4 Bd6 28. Qc2 Bxe5 29. dxe5 Qxe3 30. Qg2 g6 31. Qg5 Qxf3+ 32. Ng2 Qd5 33. Qf6+ Kg8 34. h4 Bc6 35. h5 Re8 36. h6 Qxe5 37. Qxc6 Qe7 38. Re1 Qxe1+ 39. Nxe1 Rxe1+ 40. Kg2 Kf8 41. Qc5+ Re7 42. Qd4 f6 43. Qxf6+ Ke8 44. Qc6+ Kf7 45. Kf3 g5 46. Qd5+ Kf6 47. Qxb5 g4+ 48. Kf2 f4 49. Qxa5 Re5 50. Qc7 1-0

[Event "GCT Superbet Blitz Poland 2025"]
[Site "Warsaw"]
[Date "2025.04.29"]
[Round "3"]
[White "Vachier-Lagrave, Maxime"]
[Black "Topalov, Veselin"]
[Result "1-0"]
[ECO "A62"]
[WhiteElo "2722"]
[BlackElo "2717"]
[Annotator "RC"]
[PlyCount "105"]
[EventDate "2025.??.??"]
[EventType "blitz"]
[TimeControl "300+2"]

1. c4 Nf6 2. d4 e6 3. Nf3 c5 4. d5 exd5 5. cxd5 d6 6. Nc3 g6 7. g3 Bg7 8. Bg2 O-O 9. O-O Re8 10. Bf4 Na6 11. Re1 Bg4 12. Qb3 ({RR} 12. h3 Bf5 13. Nh4 Bc8 14. Qd2 Nh5 15. Bg5 f6 16. Bh6 Bxh6 17. Qxh6 Ng7 18. e4 Bd7 19. f4 Nb4 20. e5 f5 21. Nf3 Nh5 22. Rad1 Nc2 23. Ng5 Qe7 24. exd6 Qxe1+ 25. Rxe1 Rxe1+ 26. Bf1 Nf6 {Enkhsaran,B (1926)-Emujin Enkh-Amgalan (1906) Choibalsan MGL 2024 ½-½ (81)}) 12... Rb8 ({RR} 12... b5 13. Nxb5 Rb8 14. Qa4 Qd7 15. Qxa6 Rxb5 16. Qxd6 Qxd6 17. Bxd6 Ne4 18. Bc7 Rxb2 19. d6 Bd7 20. Rab1 c4 21. Rxb2 Bxb2 22. e3 c3 23. Nd4 f5 24. Bf1 Nd2 25. Bd3 c2 26. Nxc2 Nf3+ 27. Kf1 {Grischuk,A (2756)-Gashimov,V (2740) Nice 2010 0-1 (45)}) 13. Nb5 Bf8 $146 ({RR} 13... Re4 14. a3 c4 15. Qc2 Qb6 16. Nc3 Ree8 17. Nd2 Rbc8 18. e4 Nh5 19. Be3 Qa5 20. h3 Bd7 21. g4 Nf6 22. Bf4 Qc7 23. Nf3 Nc5 24. e5 dxe5 25. Nxe5 Nh5 26. d6 Qxd6 27. Rad1 Nd3 28. Nxd3 {Krylov,M (2503)-Vavulin,M (2283) Moscow 2012 0-1 (64)}) 14. h3 Bxf3 15. Bxf3 Nc7 16. a4 a6 17. Nxc7 Qxc7 18. a5 Bg7 19. h4 Nd7 20. Qc2 Ne5 21. h5 b5 22. axb6 Rxb6 23. Kg2 Rxb2 24. Qxb2 Nxf3 25. Qa2 Nxe1+ 26. Rxe1 a5 27. Qa4 Ra8 28. h6 Bf8 29. Rb1 c4 30. Rc1 Rc8 31. Bd2 Qe7 32. Rxc4 Rxc4 33. Qxc4 a4 34. Bc1 f5 35. Qxa4 Qxe2 36. Bg5 Qd3 37. Qc6 Qe4+ 38. Kh2 Qg4 39. Be3 Qf3 40. Kg1 Qd1+ 41. Kg2 Qd3 42. Qb7 Qe4+ 43. Kg1 Qf3 44. Qa8 Qe4 45. Bf4 Qe1+ 46. Kg2 Qe4+ 47. Kh2 Qf3 48. Kg1 Qd1+ 49. Kg2 Kf7 50. Qb7+ Kg8 51. Bxd6 Bxh6 52. Qc8+ Kf7 53. Qd7+ 1-0

[Event "GCT Superbet Blitz Poland 2025"]
[Site "Warsaw"]
[Date "2025.04.29"]
[Round "3"]
[White "Deac, Bogdan-Daniel"]
[Black "Aravindh, Chithambaram VR."]
[Result "0-1"]
[ECO "E16"]
[WhiteElo "2668"]
[BlackElo "2749"]
[Annotator "RC"]
[PlyCount "110"]
[EventDate "2025.??.??"]
[EventType "blitz"]
[TimeControl "300+2"]

1. d4 Nf6 2. Nf3 e6 3. c4 Bb4+ 4. Nbd2 O-O 5. g3 b6 6. Bg2 Bb7 7. O-O Bxd2 8. Qxd2 d6 9. b3 Nbd7 10. Bb2 a5 ({RR} 10... Ne4 11. Qc2 f5 12. d5 e5 13. Nh4 g6 14. Bxe4 fxe4 15. Qxe4 Nc5 16. Qc2 Bc8 17. f4 Bh3 18. Rf2 Qe7 19. Nxg6 hxg6 20. Qxg6+ Qg7 21. Qxg7+ Kxg7 22. fxe5 Kg6 23. e6 Ne4 24. Rf4 Rxf4 25. gxf4 {Barria Zuniga,D (2341)-Pranav,V (2615) chess.com INT 2025 0-1 (40)}) 11. Rfd1 ({RR} 11. Rac1 Ra7 12. Rfd1 Ne4 13. Qc2 f5 14. d5 e5 15. Nh4 g6 16. Rf1 Ndc5 17. f3 Nf6 18. f4 Qe7 19. fxe5 dxe5 20. Nf3 Nfd7 21. Qc3 Re8 22. Qe3 Ne4 23. Nh4 Nd6 24. Bh3 Raa8 25. Bxf5 Nxf5 {Andreikin,D (2729)-Pranav,V (2611) chess.com INT 2024 1-0 (48)}) 11... a4 12. Qc2 $146 ({RR} 12. Bh3 Qe7 13. Qc2 axb3 14. axb3 Be4 15. Qc3 Rxa1 16. Rxa1 Ra8 17. Nd2 Rxa1+ 18. Bxa1 Bb7 19. f3 d5 20. Bb2 c5 21. dxc5 Qxc5+ 22. Qd4 dxc4 23. Nxc4 Ba6 24. Kf2 {½-½ (25) Arencibia Rodriguez,W (2542)-Delgado Ramirez,N (2506) Holguin 2002}) 12... Be4 13. Qc3 Qb8 14. Bh3 b5 15. Ne1 Qb7 16. f3 Bg6 17. e4 Rfb8 18. Nd3 Ra6 19. Rac1 axb3 20. axb3 bxc4 21. bxc4 Ra2 22. Rd2 Bxe4 23. Ra1 Rxa1+ 24. Bxa1 Bxf3 25. Rb2 Qa8 26. Rxb8+ Qxb8 27. Bb2 h6 28. Nf4 e5 29. Nd3 e4 30. Ne1 Be2 31. Bc1 Nf8 32. Kf2 Bg4 33. Bg2 Qb1 34. h3 Be6 35. d5 Bd7 36. Bxh6 Ng6 37. Bg5 Ne5 38. Bxf6 gxf6 39. Qe3 Bf5 40. g4 Bg6 41. Bf1 Qa2+ 42. Qe2 Qa3 43. Qe3 Qb2+ 44. Kg3 Qb4 45. Nc2 Qb1 46. Ne1 Qa1 47. h4 Qb1 48. h5 Bh7 49. g5 f5 50. h6 Bg6 51. Kf4 Qd1 52. Qe2 Qc1+ 53. Qe3 Qa1 54. Kg3 Kh7 55. Kf4 Ng4 0-1

[Event "GCT Superbet Blitz Poland 2025"]
[Site "Warsaw"]
[Date "2025.04.29"]
[Round "4"]
[White "Praggnanandhaa R"]
[Black "Vachier-Lagrave, Maxime"]
[Result "1-0"]
[ECO "D04"]
[WhiteElo "2758"]
[BlackElo "2722"]
[Annotator "TA"]
[PlyCount "123"]
[EventDate "2025.??.??"]
[EventType "blitz"]
[TimeControl "300+2"]

1. d4 Nf6 2. Nf3 g6 3. Nbd2 d5 4. b3 Bg7 5. Bb2 O-O 6. e3 b6 7. Be2 {[%emt 0:00:03] D04: Colle System.} Bb7 8. O-O Nbd7 9. c4 {[%emt 0:00:15] The position is equal.} e6 10. Rc1 c5 11. Rc2 Rc8 12. Qa1 Qe7 $146 ({RR} 12... Ne4 13. Rd1 Qe7 14. Ne5 Nxe5 15. dxe5 Nxd2 16. Rcxd2 Bh6 17. Ba3 Rfd8 18. f4 d4 19. Rxd4 Rxd4 20. Rxd4 Bc6 21. Rd2 Qb7 22. Qf1 g5 23. Bg4 gxf4 24. exf4 Qa8 25. Qf2 Rd8 26. Bc1 Rd4 27. Rxd4 {Ngo,T (2047)-Do Thi Diem,T (1898) Ho Chi Minh City 2010 1-0 (57)}) 13. dxc5 $146 (13. Rd1 Rfd8 14. Ne5 Nxe5 15. dxe5 Ne4 16. Nxe4 dxe4 17. Rcd2 Qc7 18. Rxd8+ Rxd8 19. Rxd8+ Qxd8 {½-½ Kannenberg,K (2134)-Kraich,K (2096) Landesliga Nord 1819 2018 (7.3)}) 13... bxc5 14. Ne5 Nxe5 15. Bxe5 Rfd8 16. Nf3 Ne8 17. Rd1 h5 18. h3 Bxe5 19. Qxe5 dxc4 20. Rxd8 Rxd8 21. Rxc4 Rd5 22. Qb2 Nf6 23. Qa3 a6 24. Qb2 Nd7 25. Rc1 Qf6 26. Qxf6 Nxf6 27. Kf1 Ne4 28. Ke1 Kf8 29. Rc4 Nd6 30. Rc2 Ne4 31. g3 Ke7 32. h4 Kf6 (32... Rf5 $1 $11) 33. Ng1 Rd8 34. Bf3 Rc8 35. Ne2 (35. Rc4 $16 Ke5 36. Ra4) 35... Ke7 (35... Nd6 $1 $11 {keeps the balance.} 36. Bxb7 Nxb7) 36. Nf4 Nd6 37. Be2 {[%emt 0:00:09] White is more active.} (37. Bxb7 $16 Nxb7 38. e4) 37... a5 $11 38. Rc1 Be4 (38... Kf6 $11) 39. f3 $14 Bb7 40. e4 e5 (40... a4 $14) 41. Nd3 $16 c4 (41... f6 $16) 42. Nxe5 $18 cxb3 43. Rxc8 Bxc8 44. axb3 {[%emt 0:00:02][%mdl 4096] Endgame KBN-KBN. White is a pawn up.} Bb7 45. Kd2 Ke6 46. Nd3 Bc6 47. Nc5+ Ke7 48. Ke3 Nc8 (48... Nb5 49. Bc4 Na3) 49. Kd4 Nb6 50. Bd1 Kd6 51. Bc2 Ba8 52. f4 Bc6 53. Bd1 Ke7 54. Bc2 $2 {[%emt 0:00:03] [#]} (54. Na4 $18 Nc8 55. e5) 54... Nc8 (54... Kd6 $1 $11 55. Bd3 Ke7) 55. Na6 Kd6 (55... Nd6 {keeps fighting.} 56. Bd3 a4) 56. e5+ Ke7 57. Kc5 {[%emt 0:00:01] White is clearly winning.} Bd7 58. Nb8 Be8 59. Nc6+ Kd7 60. Nxa5 Kc7 61. Nc4 Bd7 62. Nd6 {[%emt 0:00:01] Weighted Error Value: White=0.17 (very precise) /Black=0.39 Loses game: 	--- 	Black=1 Missed win: 	White=1 	--- Mistake: 	White=2 	Black=7 Inaccurate: 	White=4 	Black=4 OK: 	White=20 	Black=18 Best: 	White=5 	---} 1-0

[Event "GCT Superbet Blitz Poland 2025"]
[Site "Warsaw"]
[Date "2025.04.29"]
[Round "4"]
[White "Aravindh, Chithambaram VR."]
[Black "Duda, Jan-Krzysztof"]
[Result "1-0"]
[ECO "B22"]
[WhiteElo "2749"]
[BlackElo "2739"]
[Annotator "RC"]
[PlyCount "117"]
[EventDate "2025.??.??"]
[EventType "blitz"]
[TimeControl "300+2"]

1. e4 c5 2. c3 Nf6 3. e5 Nd5 4. Bc4 Nb6 5. Bb3 d5 6. exd6 Qxd6 7. Na3 Nc6 8. Ne2 Bg4 9. O-O e6 10. f3 Bf5 11. d4 cxd4 12. Nb5 Qe5 $146 ({RR} 12... Qd7 13. Nbxd4 Bg6 14. Nxc6 Qxc6 15. Nd4 Bc5 16. Be3 Qc7 17. Qe2 O-O 18. Rad1 Bd6 19. g3 Qe7 20. Nxe6 fxe6 21. Bxb6 Rfe8 22. Bf2 Kh8 23. Rfe1 Bf7 24. Rd4 Bc5 25. Re4 Bxf2+ 26. Qxf2 Qf6 27. Rf4 {Sevillano,E (2323)-Balakrishnan,P (2510) Nassau BAH 2024 1-0 (42)}) ({RR} 12... Qd7 13. Nbxd4 Bg6 14. Nxc6 Qxc6 15. Nd4 Bc5 16. Be3 Qc7 17. Qe2 O-O 18. Rad1 Bd6 19. g3 Qe7 20. Nxe6 fxe6 21. Bxb6 Rfe8 22. Bf2 Kh8 23. Rfe1 Bf7 24. Rd4 Bc5 25. Re4 Bxf2+ 26. Qxf2 Qf6 27. Rf4 {Sevillano,E (2323)-Balakrishnan,P (2510) Nassau BAH 2024 1-0 (42)}) 13. Nexd4 Nxd4 14. Nxd4 Bc5 15. Re1 Qc7 16. Be3 Bxd4 17. Bxd4 O-O 18. Qd2 h6 19. Qf2 Rfd8 20. Re5 Nd7 21. Re2 a5 22. a4 b6 23. h4 Nc5 24. Be5 Qe7 25. Bc4 Bd3 26. Qg3 f6 27. Bxd3 Rxd3 28. Bf4 Kh7 29. Rae1 e5 30. Be3 Nxa4 31. Qg4 Rxe3 32. Rxe3 Nc5 33. b4 axb4 34. cxb4 Ra4 35. Qf5+ g6 36. Qb1 Ne6 37. h5 Nf4 38. hxg6+ Kg7 39. Rd1 Rxb4 40. Qf5 Ne6 41. Red3 Nd4 42. Qc8 Rb2 43. R3d2 Rxd2 44. Rxd2 Qb4 45. Qe8 Qc4 46. Rd1 h5 47. Re1 h4 48. Re4 h3 49. Rh4 Ne2+ 50. Kh2 Qxh4 51. Qf7+ Kh6 52. Qh7+ Kg5 53. Qxh4+ Kxh4 54. g7 hxg2 55. Kxg2 Nf4+ 56. Kf2 Nh3+ 57. Ke3 f5 58. g8=Q Ng5 59. Qh8+ 1-0

[Event "GCT Superbet Blitz Poland 2025"]
[Site "Warsaw"]
[Date "2025.04.29"]
[Round "4"]
[White "Topalov, Veselin"]
[Black "Fedoseev, Vladimir"]
[Result "0-1"]
[ECO "A13"]
[WhiteElo "2717"]
[BlackElo "2739"]
[Annotator "RC"]
[PlyCount "74"]
[EventDate "2025.??.??"]
[EventType "blitz"]
[TimeControl "300+2"]

1. c4 e6 2. b3 Be7 3. Bb2 Bf6 4. d4 c5 5. Nf3 Nc6 6. e3 Nge7 7. Qd2 $146 ({RR} 7. Be2 O-O 8. O-O d5 9. cxd5 Nxd5 10. Qd2 cxd4 11. Nxd4 Nxd4 12. Bxd4 Bd7 13. Nc3 Nxc3 {½-½ (13) Krishilovsky,A-Koniushkov,I (2265) St Petersburg 1995}) ({RR} 7. Be2 O-O 8. O-O d5 9. Qd2 dxc4 10. bxc4 cxd4 11. exd4 Nf5 12. Rd1 Qb6 13. c5 Qc7 14. Na3 b6 15. Nb5 Qd7 16. Ba3 Rd8 17. Nd6 Nxd6 18. cxd6 Bb7 19. Rac1 e5 20. dxe5 Nxe5 21. Nxe5 Bxe5 {Loskutova,A (1800)-Kotov,V Anna 2014 1-0 (31)}) ({RR} 7. Be2 cxd4 8. exd4 d5 9. cxd5 Nxd5 10. O-O O-O 11. Na3 Nf4 12. Bb5 Ne7 13. Re1 a6 14. Bf1 b5 15. g3 Nfg6 16. Bg2 Bb7 17. Nc2 Rc8 18. Ne3 h5 19. Qe2 Nc6 20. Rad1 Nb4 21. Ne5 Bxg2 {Grecescu,G (2383)-Marinescu,M (2252) Cluj 2008 ½-½ (61)}) 7... cxd4 8. Nxd4 O-O 9. Be2 d5 10. cxd5 Qxd5 11. Nc3 Qxg2 12. O-O-O Nxd4 13. exd4 Bg5 14. f4 Bh6 15. Rhg1 Qxh2 16. Kb1 e5 17. d5 Bf5+ 18. Ka1 Rad8 19. d6 Ng6 20. Nd5 Bxf4 21. Qe1 Rxd6 22. Ne7+ Nxe7 23. Rxd6 Ng6 24. Bc4 e4 25. Rd5 Be6 26. Rh1 Qg3 27. Qxe4 Bxd5 28. Bxd5 Be5 29. Bxb7 Rd8 30. Bxe5 Qxe5+ 31. Qxe5 Nxe5 32. Kb2 g5 33. a4 f5 34. Rh5 Nf7 35. b4 Rb8 36. Bd5 Rxb4+ 37. Kc3 Rg4 0-1

[Event "GCT Superbet Blitz Poland 2025"]
[Site "Warsaw"]
[Date "2025.04.29"]
[Round "4"]
[White "Deac, Bogdan-Daniel"]
[Black "Aronian, Levon"]
[Result "1-0"]
[ECO "E15"]
[WhiteElo "2668"]
[BlackElo "2747"]
[Annotator "RC"]
[PlyCount "121"]
[EventDate "2025.??.??"]
[EventType "blitz"]
[TimeControl "300+2"]

1. Nf3 Nf6 2. c4 b6 3. d4 e6 4. g3 Ba6 5. Nbd2 Bb7 6. Bg2 c5 7. O-O cxd4 8. Nxd4 Bxg2 9. Kxg2 Bc5 ({RR} 9... Nc6 10. Nxc6 dxc6 11. Qc2 Be7 12. b3 O-O 13. Bb2 Qc7 14. Nf3 c5 15. Rad1 Rfd8 16. Ne5 Bd6 17. Nf3 Be7 18. Kg1 h6 19. Ne5 Bd6 20. Nf3 Be7 21. Ne5 Bd6 22. Nf3 Be7 {½-½ (22) Wei,Y (2732)-Harikrishna,P (2713) Chess.com INT 2020}) ({RR} 9... d5 10. Qa4+ Nbd7 11. cxd5 Nxd5 12. Rd1 Bc5 13. Ne4 O-O 14. Nxc5 Nxc5 15. Qa3 Qf6 16. Qf3 Rac8 17. Qxf6 Nxf6 18. Bg5 Rfd8 19. Bxf6 gxf6 20. Rac1 a6 21. Kf3 Kf8 22. e3 Ke7 23. b4 Na4 24. a3 {Averjanov,A (2399)-Garv,G (2006) chess.com INT 2023 1-0 (75)}) 10. N4f3 O-O 11. b3 Be7 $146 ({RR} 11... d5 12. Bb2 Nc6 13. a3 a5 14. cxd5 exd5 15. Ne1 d4 16. Nd3 Qd5+ 17. Kg1 Rfe8 18. Rc1 Ne5 19. Nc4 Nxc4 20. Rxc4 Qh5 21. Nf4 Qf5 22. b4 axb4 23. axb4 Bd6 24. Bxd4 Bxf4 25. Bxf6 Qxf6 26. Rxf4 {Duda,J (2717)-Kovalenko,I (2639) Katowice 2017 1-0 (78)}) 12. Bb2 d6 13. e4 Nfd7 14. Qe2 Nc6 15. Rfd1 Qc7 16. Nf1 Qb7 17. Kg1 a6 18. Rac1 Rfd8 19. h4 b5 20. Ne3 Rac8 21. Ng4 h6 22. e5 dxe5 23. cxb5 Qxb5 24. Qxb5 axb5 25. Ngxe5 Ncxe5 26. Nxe5 Nxe5 27. Bxe5 f6 28. Bf4 Rxd1+ 29. Rxd1 Ra8 30. Rd2 Bc5 31. Rc2 Bd4 32. h5 e5 33. Bd2 Kf7 34. Kg2 f5 35. Bb4 e4 36. a3 Ra7 37. Rd2 Bf6 38. Rd5 Ke6 39. Rxb5 Bd4 40. Ra5 Rc7 41. Ra6+ Kf7 42. Rd6 Be5 43. Rd2 Rc1 44. Rd7+ Ke6 45. Rd2 Rb1 46. Ra2 Rxb3 47. Bd2 Rb2 48. Rxb2 Bxb2 49. a4 Kd5 50. a5 Kc6 51. Kf1 Kb5 52. Ke2 Be5 53. Ke3 Bf6 54. Be1 Be7 55. Kf4 Kc4 56. a6 Bc5 57. Kxf5 Kd3 58. g4 Ke2 59. Bc3 Kf3 60. Bxg7 Bxf2 61. Bxh6 1-0

[Event "GCT Superbet Blitz Poland 2025"]
[Site "Warsaw"]
[Date "2025.04.29"]
[Round "5"]
[White "Firouzja, Alireza"]
[Black "Deac, Bogdan-Daniel"]
[Result "1/2-1/2"]
[ECO "C54"]
[WhiteElo "2757"]
[BlackElo "2668"]
[Annotator "TA"]
[PlyCount "134"]
[EventDate "2025.??.??"]
[EventType "blitz"]
[TimeControl "300+2"]

1. e4 e5 2. Bc4 Nf6 3. d3 Nc6 4. Nf3 Bc5 5. Bg5 h6 6. Bh4 d6 7. c3 a6 8. Nbd2 $1 {[%emt 0:00:06] 8.Nbd2 scores better than 8.a4. C54: Giuoco Piano: 4 c3 Nf6, main lines with 5 d4 and 5 d3.} Qe7 9. b4 Ba7 10. a4 (10. O-O $14) 10... g5 ({RR} 10... Be6 11. O-O Bxc4 12. Nxc4 Qe6 13. b5 Ne7 14. Bxf6 Qxf6 15. Rb1 axb5 16. Rxb5 Rb8 17. Qb3 O-O 18. Rxb7 Ng6 19. Rxb8 Rxb8 20. Qd1 c6 21. Re1 Nf4 22. d4 exd4 23. cxd4 Rb4 24. Ne3 Rb2 25. Nc4 {Firouzja,A (2767)-Carlsen,M (2832) Paris FRA 2024 0-1 (35)}) 11. Bg3 Nh5 ({RR} 11... O-O 12. O-O Kg7 13. b5 Nd8 14. d4 Nd7 15. Re1 h5 16. h4 g4 17. Nh2 Ne6 18. Nb3 Nf4 19. Nf1 Ng6 20. Ne3 Nb6 21. Bf1 axb5 22. axb5 Nxh4 23. c4 Qg5 24. c5 Nd7 25. Bxh4 Qg6 26. cxd6 {Fier,A (2534)-Le,Q (2739) chess.com INT 2025 1-0 (42)}) 12. b5 (12. Nb3 $11) 12... Nd8 $146 ({RR} 12... Na5 13. Bd5 c6 14. Ba2 Qf6 15. O-O Nxg3 16. hxg3 h5 17. Qb1 h4 18. b6 h3 19. Ne1 Qh6 20. f3 g4 21. f4 hxg2 22. Nxg2 Qh2+ 23. Kf2 Rh3 24. bxa7 Rxg3 25. Rg1 exf4 26. Qb6 f3 27. Rae1 {Saric,I (2668)-Dragnev,V (2566) Petrovac MNE 2024 0-1 (38)}) ({RR} 12... Na5 13. Ba2 Qf6 14. d4 Nxg3 15. hxg3 g4 16. Nh4 exd4 17. O-O Be6 18. Bxe6 fxe6 19. e5 dxe5 20. Qxg4 O-O-O 21. Ne4 Qf7 22. bxa6 bxa6 23. cxd4 exd4 24. Rab1 d3 25. Nf3 Qf5 26. Qh4 Rhg8 27. Rfc1 {Fedorov,A (2529)-Girya,O (2432) Cheliabinsk 2021 ½-½ (39)}) ({RR} 12... Na5 13. Ba2 f5 14. exf5 Bxf5 15. Ne4 Bxe4 16. dxe4 Bc5 17. O-O Nxg3 18. hxg3 h5 19. Rb1 axb5 20. Rxb5 b6 21. Qd2 h4 22. g4 h3 23. g3 O-O-O 24. Qxg5 Qd7 25. Qf5 Kb8 26. Qxd7 Rxd7 27. Be6 {Yu Yangyi (2735)-Navara,D (2689) Biel SUI 2023 1-0 (46)}) 13. Nf1 $146 (13. bxa6 bxa6 14. Rb1 Qf6 15. d4 Nxg3 16. hxg3 g4 17. Nh4 exd4 18. cxd4 Bxd4 19. O-O {1-0 Caruana,F (2819)-Anand,V (2767) Norway Chess Armageddon 7th blitz 2019 (7)}) 13... Nf4 14. Bxf4 gxf4 15. N1d2 Rg8 16. Kf1 Ne6 17. bxa6 bxa6 18. Rb1 c6 19. a5 Qc7 (19... Nc7 $15) 20. Qa4 $11 Bd7 21. Qa2 {[%emt 0:00:00][%cal Of3h4] Active counter play!} (21. Bxa6 $2 Nc5 22. Qa1 Nxa6 $19) 21... Rb8 (21... Kf8 $5) 22. Rxb8+ Qxb8 23. g3 Ke7 24. Ke2 Qc7 25. Rb1 Rb8 26. Rxb8 Qxb8 27. Bxa6 Bxf2 28. Kxf2 Qa7+ {[#]} 29. d4 $1 exd4 {[%emt 0:00:05] [#]} 30. cxd4 Qxa6 31. Qa3 fxg3+ 32. hxg3 c5 33. e5 dxe5 34. d5 Nc7 (34... Nd4 $14 35. Qxc5+ Ke8 36. Nxd4 (36. Nxe5 Qe2+ 37. Kg1 Bh3) 36... exd4) 35. Ne4 $1 $18 (35. Nxe5 $6 Qf6+ 36. Nef3 Qd6 $14) (35. Qxc5+ $6 Qd6 36. Qxd6+ Kxd6) 35... Nxd5 36. Qxc5+ (36. Nxe5 Nf6 37. Nxc5 (37. Qxc5+ Ke8 $18) 37... Qd6) 36... Ke6 {[%emt 0:00:02] [#]} 37. Qf8 $1 Qa7+ 38. Nc5+ {[%emt 0:00:04] Excellent horsemanship.} Kf6 {[%emt 0:00:01] [#]} 39. Qd6+ (39. Qxh6+ Ke7 40. Qg5+ Kf8 $11) (39. Nh4 $1 $16 {Black must now prevent Qh8+.} Nc7 40. Kg2 (40. Qxh6+ Ke7 $16)) 39... Be6 $11 40. Qxe5+ (40. a6 Qc7 41. Qxc7 Nxc7 42. Nxe6 Kxe6 43. a7) 40... Ke7 41. Qd4 Qxa5 42. Nd3 (42. Nxe6 $11 Kxe6 43. Qe4+ Kd6 44. Kg2) 42... Qb6 (42... Qa2+ 43. Kf1 Qb1+ 44. Kf2 Qc2+) 43. Nc5 Qb4 (43... Nf6 {keeps more tension.} 44. Nxe6 Ng4+ 45. Kg1 Qxe6 46. Nh4 Qe1+) 44. Qxb4 Nxb4 {[%emt 0:00:01][%mdl 4096] Endgame KBN-KNN. Black is a pawn up.} 45. Nd4 Nd5 46. Ne4 Nc7 47. Nc6+ Kf8 {[%emt 0:00:00] And now ...Bd5 would win.} 48. Nf6 Kg7 49. Nh5+ Kg6 50. Nf4+ Kg5 51. Nd4 Bg4 52. Nc6 Ne6 ({Better is} 52... Nb5 $17) 53. Nd3 f6 54. Ncb4 h5 55. Nd5 Bf5 56. Ne1 Be4 57. Nc3 (57. Nf3+ $11 Kg6 58. Ne7+ Kf7 59. Nc8) 57... Bc6 58. Nd3 Nd4 (58... Nc7 $15) 59. Nb4 Bb7 60. Nd3 (60. Nbd5 $11 {keeps the balance.}) 60... Nc6 (60... Nb5 $17 61. Nxb5 Ba6) 61. Ne4+ {[%emt 0:00:02] The position is equal.} Kh6 62. Nxf6 Nd4 63. Nf4 Nf5 64. N6xh5 Kg5 65. Ke1 Bf3 66. Kf2 Bxh5 67. Nxh5 Nxg3 {[%emt 0:00:02] Weighted Error Value: White=0.20 (precise) /Black=0.20 (precise) Mistake: 	White=6 	Black=5 Inaccurate: 	White=5 	Black=12 OK: 	White=21 	Black=15 Best: 	White=2 	Black=7 Strong: 	White=2 	---} 1/2-1/2